 Dungeon Crawl Stone Soup version 0.22.0-36-g8e74550 (webtiles) character file.

16640 Lew the Fighter (level 12, -26/97 HPs)
             Began as a Gnoll Abyssal Knight on Aug 24, 2018.
             Was a High Priest of Lugonu.
             Killed from afar by a molten gargoyle (31 damage)
             ... with a bolt of magma
             ... on level 11 of the Dungeon.
             The game lasted 00:36:13 (12135 turns).

Lew the Fighter (Gnoll Abyssal Knight)             Turns: 12135, Time: 00:36:13

Health: -26/97     AC: 20    Str: 17 (18) XL:     12   Next: 39%
Magic:  22/22      EV: 10    Int: 19      God:    Lugonu [*****.]
Gold:   826        SH: 11    Dex: 18      Spells: 25/25 levels left

rFire    . . .     SeeInvis +   g - +5 long sword (elec)
rCold    . . .     Gourm    .   t - +0 shield
rNeg     . . .     Faith    +   e - +7 chain mail of Dyspraxia {rPois Int+4 Dex-3}
rPois    +         Spirit   .   y - +2 helmet {SInv}
rElec    .         Reflect  .   (no cloak)
rCorr    .         Harm     .   m - +2 pair of gloves
MR       .....     Rnd*Tele +   (no boots)
Stlth    ++........             q - amulet of faith
HPRegen  0.26/turn              j - +5 ring of dexterity
MPRegen  0.18/turn              n - ring of stealth

@: drained
A: distributed training, fangs 1, deformed body, deterioration 1, mutation
resistance 1, [teleportitis 2], strong nose
a: Depart the Abyss, Bend Space, Banish, Corrupt, Enter the Abyss, Renounce
Religion


You were on level 11 of the Dungeon.
You worshipped Lugonu.
Lugonu was extremely pleased with you.
You were not hungry.

You visited 2 branches of the dungeon, and saw 12 of its levels.
You visited the Abyss 2 times.
You also visited: Sewer.

You collected 826 gold pieces.

Inventory:

Hand Weapons
 g - a +5 long sword of electrocution (weapon)
 A - a +2 war axe of distortion
Armour
 e - the +7 chain mail of Dyspraxia (worn) {rPois Int+4 Dex-3}
   (You found it on level 2 of the Abyss)

   It affects your intelligence (+4).
   It affects your dexterity (-3).
   It protects you from poison.
 f - a +0 buckler
 m - a +2 pair of gloves (worn)
 t - a +0 shield (worn)
 y - a +2 helmet of see invisible (worn)
Magical Staves
 E - an uncursed staff of death
Jewellery
 h - a +4 ring of dexterity
 j - a +5 ring of dexterity (left hand)
 k - an uncursed ring of wizardry
 n - a ring of stealth (right hand)
 q - an amulet of faith (around neck)
Wands
 c - a wand of random effects (23)
 r - a wand of iceblast (8)
 B - a wand of flame (20)
 C - a wand of disintegration (19)
Scrolls
 b - 6 scrolls of remove curse
 i - 8 scrolls of teleportation
 o - a scroll of enchant weapon
 p - 2 scrolls of amnesia
 u - 4 scrolls of identify
 w - a scroll of silence {unknown}
 x - 2 scrolls of enchant armour
Potions
 a - 2 potions of magic
 l - 2 potions of agility
 s - a potion of haste
Comestibles
 v - 5 rations


   Skills:
 + Level 9.7(9.4) Fighting
 + Level 7.1(6.9) Short Blades
 + Level 7.1(6.9) Long Blades
 + Level 8.5(8.3) Axes
 + Level 7.1(6.9) Maces & Flails
 + Level 7.1(6.9) Polearms
 + Level 7.1(6.9) Staves
 + Level 7.1(6.9) Slings
 + Level 7.1(6.9) Bows
 + Level 7.1(6.9) Crossbows
 + Level 7.1(6.9) Throwing
 + Level 8.5(8.3) Armour
 + Level 7.6(7.4) Dodging
 + Level 7.1(6.9) Stealth
 + Level 7.1(6.9) Shields
 + Level 7.1(6.9) Unarmed Combat
 + Level 7.1(6.9) Spellcasting
 + Level 5.9(5.7) Conjurations
 + Level 5.9(5.7) Hexes
 + Level 5.9(5.7) Charms
 + Level 5.9(5.7) Summonings
 + Level 5.9(5.7) Necromancy
 + Level 5.9(5.7) Translocations
 + Level 5.9(5.7) Transmutations
 + Level 5.9(5.7) Fire Magic
 + Level 5.9(5.7) Ice Magic
 + Level 5.9(5.7) Air Magic
 + Level 5.9(5.7) Earth Magic
 + Level 5.9(5.7) Poison Magic
 + Level 9.1(8.9) Invocations
 + Level 7.1(6.9) Evocations


You had 25 spell levels left.
You didn't know any spells.
Your spell library contained the following spells:

 Spells                   Type           Power        Failure   Level  Hunger
 Flame Tongue             Conj/Fire      ####.        30%         1    None
 Throw Flame              Conj/Fire      ####..       41%         2    None
 Conjure Flame            Conj/Fire      ####....     65%         3    #......
 Inner Flame              Hex/Fire       ####....     65%         3    #......
 Sticky Flame             Conj/Fire      ####....     96%         4    ###....
 Fireball                 Conj/Fire      ####......   100%        5    #####..


Dungeon Overview and Level Annotations

Branches:
Dungeon (11/15)            Temple (1/1) D:4            Lair (0/6) D:11
    Orc (0/2) D:10

Altars:
Ashenzari
Cheibriados
Dithmenos
Elyvilon
Fedhas
Gozag
Hepliaklqana
Kikubaaqudgha
Makhleb
Nemelex Xobeh
Okawaru
Qazlal
Ru
Sif Muna
Trog
Uskayaw
Vehumet
Wu Jian
Xom
Yredelemnul
Zin
The Shining One


Innate Abilities, Weirdness & Mutations

Your experience applies equally to all skills.
You have very sharp teeth.
Your uncanny sense of smell can sniff out nearby items.
Armour fits poorly on your strangely shaped body.
Your body sometimes deteriorates upon taking damage.
You are somewhat resistant to further mutation.
[You are sometimes teleported next to monsters.]


Message History

Space bends sharply around you!
You blink.
You block the killer bee's attack.
The molten gargoyle blasts magma at you!
The bolt of magma hits you!
* * * LOW HITPOINT WARNING * * *
The electric eel shoots out a bolt of lightning at you!
The bolt of electricity hits you!
* * * LOW HITPOINT WARNING * * *
The killer bee stings you.
* * * LOW HITPOINT WARNING * * *
The killer bee is engulfed in a cloud of scalding steam.
The killer bee stings you but does no damage.
Okay, then.
Okay, then.
It was a potion of cancellation.
You feel magically purged. The killer bee closely misses you.
You block the killer bee's attack. You block the killer bee's attack.
You block the killer bee's attack.
The molten gargoyle blasts magma at you!
The bolt of magma hits the killer bee.
The bolt of magma hits you!
You die...

. ≈≈≈#;≈≈≈....#
.≈#≈≈≈≈#≈≈≈...#
.≈≈≈#§≈≈≈#≈...# #..
..≈≈≈≈#≈≈≈≈...###
####.. ..≈#≈≈≈≈........
..... ..≈≈≈.....###.##
#....
......#9#.##...#####
#.../ .####
#..y.........# #...
####@#...###.## #...
#####.#.#.......####.#.
#
#....###............$#9
######.#
#.###.#†######.......z.
.......# #.# ##.##
#.###.#.## ######## #.#
#.# #.# #.#†# # #.#
#.#######.# #.#.# # #.#
#......†..# #.#.?
#########
#.############## #.#.##


You could see a molten gargoyle and a killer bee.

Vanquished Creatures
  An ogre mage (D:9)
  3 two-headed ogres
  2 unseen horrors (D:10)
  Pikel (D:4)
  A deep elf mage (D:11)
  A cyclops (D:11)
  The ghost of Lew the Skirmisher, a novice GnAK of Lugonu (D:4)
  A gargoyle (D:11)
  A centaur skeleton (D:10)
  A slime creature (D:9)
  3 hippogriffs
  Grinder (D:6)
  A vampire (D:11)
  Sigmund (D:2)
  3 hogs (D:7)
  15 yaks
  A human (D:7)
  A vampire mosquito (D:9)
  Menkaure (D:4)
  3 wargs (D:11)
  Edmund (D:4)
  A soldier ant (D:9)
  4 orc warriors
  An ice beast (D:5)
  2 black bears
  4 slaves (D:4)
  3 ogres
  5 phantoms
  5 centaurs
  9 big kobolds
  3 gnoll sergeants
  6 bullfrogs
  A wyvern skeleton (D:10)
  6 scorpions
  21 killer bees
  4 howler monkeys
  4 crimson imps
  4 jellies
  A quasit (Abyss:2)
  2 hounds
  5 orc priests
  3 bullfrog skeletons
  3 iguanas
  12 orc wizards
  11 worker ants
  A hound zombie (D:8)
  4 hound skeletons
  Robin (D:2)
  16 gnolls
  9 adders
  9 river rats
  2 shadow imps
  A white imp (Abyss:2)
  5 oozes
  10 worms
  An adder skeleton (D:4)
  3 dart slugs (D:1)
  A leopard gecko (D:9)
  32 orcs
  6 bats
  4 giant cockroaches
  13 goblins
  10 hobgoblins
  11 jackals
  3 quokkas
  5 ball pythons (Sewer)
  6 frilled lizards
  21 kobolds
  A leopard gecko zombie (D:5)
  A quokka skeleton (D:9)
  9 rats
349 creatures vanquished.

Vanquished Creatures (others)
  2 withered plants (D:4)
2 creatures vanquished.

Grand Total: 351 creatures vanquished

Notes
Turn   | Place    | Note
-------+----------+-------------------------------------------
     0 | Abyss:1  | Lew the Gnoll Abyssal Knight began the quest for the Orb.
     0 | Abyss:1  | Reached XP level 1. HP: 23/23 MP: 3/3
     2 | Abyss:1  | Found an iron altar of Okawaru.
    97 | Abyss:2  | Noticed a large abomination
   103 | Abyss:2  | Got an encrusted chain mail
   223 | Abyss:2  | Noticed a rakshasa
   231 | Abyss:2  | Noticed an efreet
   235 | D:1      | Escaped the Abyss
   248 | D:1      | Identified the +7 chain mail of Dyspraxia {rPois Int+4 Dex-3} (You found it on level 2 of the Abyss)
   367 | D:1      | Reached XP level 2. HP: 29/29 MP: 5/5
   769 | D:1      | Reached XP level 3. HP: 35/35 MP: 6/6
   859 | D:2      | Found a glowing golden altar of the Shining One.
   868 | D:2      | Found a basalt altar of Yredelemnul.
   963 | D:2      | Reached * piety under Lugonu
   977 | D:2      | Noticed Robin
   993 | D:2      | Killed Robin
   993 | D:2      | Reached skill level 1 in Short Blades
   993 | D:2      | Reached skill level 1 in Long Blades
   993 | D:2      | Reached skill level 1 in Maces & Flails
   993 | D:2      | Reached skill level 1 in Polearms
   993 | D:2      | Reached skill level 1 in Staves
   993 | D:2      | Reached skill level 1 in Slings
   993 | D:2      | Reached skill level 1 in Bows
   993 | D:2      | Reached skill level 1 in Crossbows
   993 | D:2      | Reached skill level 1 in Throwing
   993 | D:2      | Reached skill level 1 in Stealth
   993 | D:2      | Reached skill level 1 in Shields
   993 | D:2      | Reached skill level 1 in Unarmed Combat
   993 | D:2      | Reached skill level 1 in Spellcasting
   993 | D:2      | Reached skill level 1 in Evocations
   993 | D:2      | Reached XP level 4. HP: 37/41 MP: 7/7
  1198 | D:2      | Noticed Sigmund
  1205 | D:2      | Killed Sigmund
  1205 | D:2      | Reached skill level 1 in Conjurations
  1205 | D:2      | Reached skill level 1 in Hexes
  1205 | D:2      | Reached skill level 1 in Charms
  1205 | D:2      | Reached skill level 1 in Summonings
  1205 | D:2      | Reached skill level 1 in Necromancy
  1205 | D:2      | Reached skill level 1 in Translocations
  1205 | D:2      | Reached skill level 1 in Transmutations
  1205 | D:2      | Reached skill level 1 in Fire Magic
  1205 | D:2      | Reached skill level 1 in Ice Magic
  1205 | D:2      | Reached skill level 1 in Air Magic
  1205 | D:2      | Reached skill level 1 in Earth Magic
  1205 | D:2      | Reached skill level 1 in Poison Magic
  1205 | D:2      | Reached skill level 5 in Invocations
  1205 | D:2      | Reached XP level 5. HP: 47/47 MP: 8/8
  1205 | D:2      | Reached XP level 6. HP: 53/53 MP: 9/9
  1490 | D:2      | Found a shattered altar of Ashenzari.
  1875 | D:3      | Found an ornate altar of the Wu Jian Council.
  2018 | D:3      | Found a deep blue altar of Sif Muna.
  2238 | D:4      | Reached skill level 5 in Axes
  2238 | D:4      | Reached skill level 5 in Armour
  2369 | D:4      | Gained mutation: You evolve. [potion of mutation]
  2369 | D:4      | Gained mutation: You expend magic power (3 MP) to strengthen your wands. [potion of mutation]
  2370 | D:4      | Lost mutation: You evolve. [potion of mutation]
  2370 | D:4      | Lost mutation: You expend magic power (3 MP) to strengthen your wands. [potion of mutation]
  2370 | D:4      | Gained mutation: Armour fits poorly on your strangely shaped body. [potion of mutation]
  2370 | D:4      | Gained mutation: Your body sometimes deteriorates upon taking damage. [potion of mutation]
  2370 | D:4      | Gained mutation: You are somewhat resistant to further mutation. [potion of mutation]
  2422 | D:4      | Reached ** piety under Lugonu
  2527 | D:4      | Found a staircase to the Ecumenical Temple.
  2539 | D:4      | Reached XP level 7. HP: 59/59 MP: 10/10
  2541 | D:4      | Found a runed door.
  2543 | D:4      | Noticed Lew's ghost (novice GnAK)
  2561 | D:4      | Noticed Menkaure
  2569 | D:4      | Killed Menkaure
  2609 | D:4      | Found a hazy altar of Hepliaklqana.
  2891 | D:4      | Noticed Pikel
  2906 | D:4      | Killed Pikel
  2906 | D:4      | Reached XP level 8. HP: 60/67 MP: 12/12
  3068 | D:4      | Noticed Edmund
  3080 | D:4      | Killed Edmund
  3760 | Temple   | Entered the Ecumenical Temple
  3860 | D:4      | Killed Lew's ghost
  4168 | D:5      | Entered Level 5 of the Dungeon
  4192 | D:5      | Reached XP level 9. HP: 71/72 MP: 14/14
  4714 | D:6      | Reached *** piety under Lugonu
  4812 | D:6      | Noticed Grinder
  4818 | D:6      | Killed Grinder
  4818 | D:6      | Reached skill level 5 in Dodging
  4963 | D:6      | Found a glowing drain.
  4971 | Sewer    | Entered a sewer
  5376 | Sewer    | Reached **** piety under Lugonu
  5860 | D:7      | Reached XP level 10. HP: 72/80 MP: 17/17
  6573 | D:7      | Reached skill level 5 in Short Blades
  6573 | D:7      | Reached skill level 5 in Long Blades
  6573 | D:7      | Reached skill level 5 in Maces & Flails
  6573 | D:7      | Reached skill level 5 in Polearms
  6573 | D:7      | Reached skill level 5 in Staves
  6573 | D:7      | Reached skill level 5 in Slings
  6573 | D:7      | Reached skill level 5 in Bows
  6573 | D:7      | Reached skill level 5 in Crossbows
  6573 | D:7      | Reached skill level 5 in Throwing
  6573 | D:7      | Reached skill level 5 in Stealth
  6573 | D:7      | Reached skill level 5 in Shields
  6573 | D:7      | Reached skill level 5 in Unarmed Combat
  6573 | D:7      | Reached skill level 5 in Spellcasting
  6573 | D:7      | Reached skill level 5 in Evocations
  6986 | D:7      | Found an ancient bone altar of Kikubaaqudgha.
  6986 | D:7      | Found a deep blue altar of Sif Muna.
  7335 | D:8      | Found an opulent altar of Gozag.
  7940 | D:8      | Found a shimmering altar of Xom.
  8030 | D:8      | Reached ***** piety under Lugonu
  8200 | D:9      | Noticed a two-headed ogre
  8216 | D:9      | Killed a two-headed ogre
  8555 | D:9      | Noticed a two-headed ogre
  8560 | D:9      | Killed a two-headed ogre
  8560 | D:9      | Reached XP level 11. HP: 87/87 MP: 19/19
  9246 | D:9      | Reached skill level 5 in Conjurations
  9246 | D:9      | Reached skill level 5 in Hexes
  9246 | D:9      | Reached skill level 5 in Charms
  9246 | D:9      | Reached skill level 5 in Summonings
  9246 | D:9      | Reached skill level 5 in Necromancy
  9246 | D:9      | Reached skill level 5 in Translocations
  9246 | D:9      | Reached skill level 5 in Transmutations
  9246 | D:9      | Reached skill level 5 in Fire Magic
  9246 | D:9      | Reached skill level 5 in Ice Magic
  9246 | D:9      | Reached skill level 5 in Air Magic
  9246 | D:9      | Reached skill level 5 in Earth Magic
  9246 | D:9      | Reached skill level 5 in Poison Magic
  9266 | D:9      | Noticed an ogre mage
  9405 | D:9      | Killed an ogre mage
  9870 | D:10     | Entered Level 10 of the Dungeon
  9887 | D:10     | Noticed an unseen horror
  9927 | D:10     | Killed an unseen horror
 10124 | D:10     | Noticed an unseen horror
 10140 | D:10     | Killed an unseen horror
 10427 | D:10     | Noticed a two-headed ogre
 10435 | D:10     | Killed a two-headed ogre
 10797 | D:10     | Found a staircase to the Orcish Mines.
 10863 | D:10     | Reached XP level 12. HP: 90/96 MP: 22/22
 11027 | D:11     | Reached ****** piety under Lugonu
 11035 | D:11     | Identified a +2 war axe of distortion (a +0 war axe corrupted by Lugonu)
 11035 | D:11     | Received a gift from Lugonu
 11404 | D:11     | Found a staircase to the Lair.
 11962 | Abyss:1  | Noticed a starcursed mass
 11996 | Abyss:1  | Noticed a wretched star
 12107 | D:11     | Escaped the Abyss
 12131 | D:11     | HP: 4/97 [killer bee (1)]
 12135 | D:11     | Killed from afar by a molten gargoyle

Skill      XL: |  1  2  3  4  5  6  7  8  9 10 11 12 |
---------------+-------------------------------------+-----
Short Blades   | 1 2 3 4 5 6 7 |  7.1
Long Blades    | 1 2 3 4 5 6 7 |  7.1
Maces & Flails | 1 2 3 4 5 6 7 |  7.1
Polearms       | 1 2 3 4 5 6 7 |  7.1
Staves         | 1 2 3 4 5 6 7 |  7.1
Slings         | 1 2 3 4 5 6 7 |  7.1
Bows           | 1 2 3 4 5 6 7 |  7.1
Crossbows      | 1 2 3 4 5 6 7 |  7.1
Throwing       | 1 2 3 4 5 6 7 |  7.1
Stealth        | 1 2 3 4 5 6 7 |  7.1
Shields        | 1 2 3 4 5 6 7 |  7.1
Unarmed Combat | 1 2 3 4 5 6 7 |  7.1
Spellcasting   | 1 2 3 4 5 6 7 |  7.1
Evocations     | 1 2 3 4 5 6 7 |  7.1
Dodging        | 3 4 5 6 7 |  7.6
Conjurations   | 1 2 3 4 5 |  5.9
Hexes          | 1 2 3 4 5 |  5.9
Charms         | 1 2 3 4 5 |  5.9
Summonings     | 1 2 3 4 5 |  5.9
Necromancy     | 1 2 3 4 5 |  5.9
Translocations | 1 2 3 4 5 |  5.9
Transmutations | 1 2 3 4 5 |  5.9
Fire Magic     | 1 2 3 4 5 |  5.9
Ice Magic      | 1 2 3 4 5 |  5.9
Air Magic      | 1 2 3 4 5 |  5.9
Earth Magic    | 1 2 3 4 5 |  5.9
Poison Magic   | 1 2 3 4 5 |  5.9
Invocations    | 5 6 7 8 9 |  9.1
Axes           | 5 6 7 8 |  8.5
Armour         | 5 6 7 8 |  8.5
Fighting       | 7 8 9 |  9.7

Action                   |  1- 3 |  4- 6 |  7- 9 | 10-12 || total
-------------------------+-------+-------+-------+-------++-------
Melee: Long sword        |    63 |   102 |   327 |   602 ||  1094
       Bite              |     2 |    12 |    51 |   109 ||   174
       Short sword       |       |       |    77 |   103 ||   180
Invok: Depart the Abyss  |     1 |       |       |     1 ||     2
       Bend Space        |       |       |       |     3 ||     3
       Enter the Abyss   |       |       |       |     1 ||     1
       Brand Weapon With |       |       |       |     1 ||     1
Evoke: Wand              |       |       |       |     5 ||     5
  Use: Scroll            |     1 |    10 |     5 |    16 ||    32
       Potion            |       |     5 |     2 |     7 ||    14
 Stab: Invisible         |       |     1 |       |       ||     1
       Distracted        |       |       |     1 |       ||     1
       Sleeping          |       |       |       |     3 ||     3
  Eat: Chunk             |       |     5 |     4 |     6 ||    15
       Ration            |       |       |     4 |     6 ||    10
Armor: Chain mail        |    44 |    52 |   191 |   371 ||   658
       Skin              |       |       |       |     3 ||     3
Dodge: Dodged            |    24 |    42 |   153 |   350 ||   569
Block: Buckler           |       |    12 |    82 |   204 ||   298
       Shield            |       |       |       |    61 ||    61
       Rpst.: Long sword |     5 |    17 |    43 |    91 ||   156
